Map: Oceanborn LE

Players

Geralt (Gerald)

  • Race: Protoss Protoss
  • League: Grandmaster
  • Spawn Location: 11:00

gumiho - Winner!

  • Race: Terran Terran
  • Spawn Location: 5:00

Event: HomeStory Cup XXV

VOD

Have the link to the VOD?

Description

Time

  • Played on: June 21, 2024, 2:06 p.m.
  • Length: 23:04

All games in this series

Show
View Real Time Build Order
Export as new Build Order

Geralt Protoss 

Build Orders: 1 Gate Expand, Blink Stalkers 

Get SALT Encoding   

  12  0:00  Probe  
  13  0:12  Probe  
  14  0:17  Pylon  
  14  0:24  Probe (Chrono Boost)  
  16  0:36  Gateway, Probe (Chrono Boost)  
  16  0:43  Probe (Chrono Boost)  
  16  0:46  Assimilator  
  17  0:50  Probe  
  18  1:03  Probe  
  19  1:15  Probe  
  20  1:23  Cybernetics Core  
  22  1:27  Probe  
  23  1:35  Nexus  
  23  1:39  Probe  
  22  1:43  Pylon  
  22  1:49  Assimilator  
  22  1:54  Probe  
  22  1:59  Adept (Chrono Boost)  
  23  2:03  Warp Gate  
  25  2:09  Probe  
  26  2:21  Stalker (Chrono Boost), Probe  
  28  2:33  Probe  
  28  2:36  Twilight Council  
  29  2:42  Stalker  
  29  2:47  Probe x2  
  33  2:59  Probe  
  33  3:00  Gateway  
  33  3:01  Probe  
  35  3:07  Blink (Chrono Boost)  
  35  3:11  Probe  
  36  3:13  Probe  
  36  3:17  Shield Battery  
  37  3:22  Stalker  
  37  3:24  Probe  
  40  3:28  Probe  
  40  3:31  Pylon  
  41  3:36  Probe  
  41  3:40  Probe  
  43  3:48  Probe  
  43  3:53  Probe  
  43  3:54  Stalker  
  43  3:55  Assimilator  
  47  4:00  Probe  
  48  4:03  Gateway  
  48  4:04  Stalker  
  48  4:05  Robotics Facility  
  48  4:06  Probe  
  49  4:11  Shield Battery  
  49  4:13  Probe  
  50  4:19  Probe  
  50  4:20  Stalker  
  49  4:35  Stalker, Probe  
  50  4:39  Probe  
  50  4:45  Stalker  
  53  4:48  Probe  
  53  4:50  Nexus  
  54  4:55  Pylon  
  54  5:00  Assimilator  
  54  5:03  Robotics Bay  
  54  5:11  Pylon  
  54  5:13  Observer (Chrono Boost), Probe x2  
  57  5:17  Stalker x2  
  57  5:20  Shield Battery  
  59  5:25  Probe x2  
  58  5:30  Stalker  
  58  5:37  Probe  
  58  5:39  Probe  
  60  5:44  Immortal (Chrono Boost)  
  60  5:47  Pylon  
  62  5:52  Gateway  
  62  6:01  Probe x2  
  62  6:02  Charge  
  64  6:05  Forge  
  64  6:06  Probe  
  65  6:14  Gateway, Probe  
  65  6:16  Pylon, Probe  
  67  6:19  Colossus (Chrono Boost)  
  67  6:24  Probe  
  74  6:26  Probe  
  74  6:28  Probe  
  76  6:34  Pylon  
  76  6:36  Probe  
  76  6:38  Probe  
  78  6:40  Probe  
  78  6:41  Observer  
  78  6:44  Protoss Ground Weapons Level 1 (Chrono Boost)  
  78  6:46  Pylon  
  79  6:48  Probe  
  79  6:51  Probe  
  79  6:54  Gateway x2, Zealot  
  81  6:59  Colossus (Chrono Boost)  
  89  7:04  Probe  
  89  7:05  Probe  
  91  7:09  Extended Thermal Lance, Observer  
  91  7:10  Probe  
  91  7:12  Gateway  
  92  7:17  Observer  
  92  7:18  Probe  
  92  7:19  Probe  
  92  7:21  Pylon  
  94  7:22  Pylon  
  94  7:24  Assimilator  
  94  7:26  Probe  
  94  7:28  Assimilator  
  93  7:31  Zealot x4  
  101  7:42  Probe x2  
  102  7:45  Pylon  
  102  7:46  Colossus (Chrono Boost)  
  102  7:47  Templar Archives  
  108  7:53  Probe  
  108  7:55  Pylon  
  108  7:56  Probe  
  110  8:04  Zealot  
  112  8:08  Zealot x2  
  112  8:09  Pylon  
  116  8:16  Pylon  
  116  8:18  Zealot  
  116  8:19  Zealot x3  
  124  8:24  Pylon  
  124  8:30  Warp Prism (Chrono Boost), Pylon  
  124  8:32  Zealot x3  
  124  8:33  Zealot  
  132  8:48  Probe  
  133  8:51  High Templar  
  133  8:52  High Templar x2  
  140  8:58  Gateway  
  140  9:01  Stalker x2  
  146  9:05  Zealot x2  
  146  9:06  Zealot  
  146  9:07  Pylon  
  149  9:19  Probe  
  149  9:21  Probe  
  149  9:23  Probe  
  145  9:27  Stalker x6  
  157  9:39  Psionic Storm  
  157  9:44  Nexus  
  153  9:46  Pylon  
  149  9:57  Assimilator  
  149  9:58  Pylon  
  149  9:59  Probe x2  
  149  10:00  Assimilator  
  149  10:03  Disruptor (Chrono Boost)  
  149  10:04  Pylon, Probe  
  154  10:08  Pylon  
  154  10:10  Pylon  
  154  10:12  Pylon  
  154  10:13  Stalker, Pylon  
  154  10:14  Stalker  
  148  10:17  Zealot x3  
  148  10:19  High Templar  
  151  10:33  Probe  
  150  10:36  Disruptor (Chrono Boost)  
  150  10:38  Zealot x7  
  168  10:45  Probe  
  168  10:46  Probe  
  168  10:48  Forge  
  165  10:50  Forge  
  165  11:01  Stalker x4  
  167  11:10  Stalker x3  
  161  11:16  Disruptor (Chrono Boost)  
  159  11:20  Probe  
  162  11:28  Protoss Ground Armor Level 1 (Chrono Boost)  
  162  11:29  Probe, Protoss Ground Weapons Level 2 (Chrono Boost)  
  162  11:30  Probe  
  164  11:34  Probe  
  164  11:36  Zealot  
  164  11:37  Zealot x3, Pylon  
  172  11:41  Zealot  
  172  11:45  Disruptor  
  174  11:49  Zealot x2  
  158  12:06  Probe  
  158  12:07  Probe  
  158  12:08  Shield Battery, Robotics Facility  
  158  12:09  Zealot x3  
  158  12:10  High Templar x2  
  158  12:13  Probe  
  165  12:15  Probe  
  165  12:20  Disruptor  
  170  12:23  Probe  
  170  12:25  Probe  
  170  12:26  High Templar  
  170  12:27  Photon Cannon  
  170  12:28  Shield Battery  
  174  12:32  Assimilator, Probe  
  175  12:42  Pylon  
  169  12:48  Zealot x6  
  181  12:56  Disruptor  
  135  13:08  Zealot x7  
  115  13:15  Probe  
  115  13:17  Probe  
  97  13:20  Archon  
  97  13:21  Probe  
  97  13:25  Probe  
  95  13:28  Stalker  
  95  13:29  Stalker x6  
  95  13:32  Disruptor  
  109  13:39  Protoss Ground Armor Level 2 (Chrono Boost)  
  109  13:40  Probe  
  110  13:48  Disruptor  
  110  13:51  Assimilator, Nexus, Probe  
  110  13:52  Assimilator, Pylon  
  115  13:58  Zealot  
  115  13:59  Zealot x2  
  121  14:07  Disruptor  
  121  14:09  High Templar x2  
  129  14:17  Protoss Ground Weapons Level 3 (Chrono Boost)  
  129  14:20  Nexus  
  129  14:24  Disruptor  
  125  14:25  Zealot x4  
  125  14:26  Zealot  
  137  14:34  Probe  
  137  14:35  Probe  
  135  14:43  Stalker x2  
  134  14:52  Disruptor  
  138  14:57  Zealot  
  138  14:58  Zealot x3, Pylon  
  142  15:04  Stalker  
  142  15:06  Stalker  
  142  15:10  Stalker  
  140  15:18  Stalker  
  142  15:27  Stalker x2  
  135  15:42  Zealot x4  
  134  15:49  Zealot  
  132  15:55  Stalker  
  112  16:01  Stalker  
  110  16:05  Zealot x2  
  113  16:17  High Templar x4  
  121  16:25  Stalker  
  113  16:57  Archon  
  113  16:58  Archon  
  100  17:07  Pylon  
  94  17:09  Pylon  
  94  17:14  Stalker x2  
  90  17:24  Stalker  
  90  17:25  Stalker  
  94  17:31  High Templar x3  
  85  18:03  Probe  
  85  18:04  Probe  
  85  18:08  Zealot x3  
  85  18:11  Zealot  
  85  18:12  Zealot  
  91  18:15  Nexus, Probe  
  91  18:16  Probe  
  93  18:27  Probe  
  93  18:28  Probe  
  93  18:32  Pylon  
  93  18:51  High Templar  
  73  19:15  Stalker x2  
  73  19:16  Zealot x3  
  77  19:27  Assimilator x2  
  77  19:33  Zealot  
  77  19:40  Zealot x4  
  77  19:43  Probe  
  86  19:47  Probe  
  86  19:48  Probe  
  88  20:04  Zealot x4  
  94  20:14  Zealot x2  
  86  20:37  Archon  
  86  20:38  Zealot x3  
  86  20:39  Zealot  
  64  20:57  Probe  
  64  20:59  Probe  
  64  21:02  Zealot x3  
  66  21:08  Gateway  
  66  21:09  Probe  
  66  21:10  Gateway  
  59  21:12  Gateway  
  53  21:24  Zealot x3  
  59  21:26  Cybernetics Core  
  55  21:42  Zealot x3  
  44  21:57  Probe  
  43  22:04  Cybernetics Core  
  43  22:06  Zealot  
  43  22:07  Zealot x2  
  49  22:09  Probe  
  49  22:10  Pylon  
  40  22:24  Zealot x2  
  36  22:32  Zealot  
  38  22:39  Zealot x2  
  42  22:44  Zealot  
  42  22:51  Zealot  
Show
View Real Time Build Order
Export as new Build Order

gumiho Terran - Winner!

Build Orders: Cyclone Opening 

Get SALT Encoding   

  12  0:00  SCV  
  13  0:12  SCV  
  14  0:16  Supply Depot  
  14  0:24  SCV  
  15  0:38  SCV  
  15  0:39  Barracks  
  16  0:43  Refinery  
  16  0:50  SCV  
  16  0:52  Refinery  
  17  1:02  SCV  
  18  1:14  SCV  
  19  1:25  Barracks Reactor  
  19  1:27  Orbital Command  
  19  1:32  Supply Depot  
  19  1:40  Factory  
  19  1:53  SCV  
  20  2:01  Marine  
  20  2:05  SCV  
  22  2:16  Command Center  
  22  2:19  SCV  
  23  2:31  SCV  
  23  2:32  Supply Depot  
  24  2:39  Cyclone  
  24  2:41  Cyclone  
  28  2:44  SCV  
  29  2:53  Starport  
  29  2:56  SCV  
  30  3:09  SCV  
  30  3:11  Barracks Tech Lab, Cyclone  
  33  3:16  Cyclone  
  35  3:21  SCV  
  36  3:29  Liberator  
  36  3:33  SCV  
  40  3:44  Barracks  
  40  3:45  Orbital Command  
  40  3:52  SCV  
  41  3:57  Marine x2  
  41  3:58  Siege Tank  
  41  4:02  Supply Depot  
  46  4:05  SCV  
  47  4:11  SCV  
  47  4:14  Starport Tech Lab  
  47  4:15  Marine x2  
  50  4:20  Supply Depot  
  44  4:32  Marine  
  44  4:33  Siege Tank  
  44  4:34  SCV  
  44  4:35  SCV, Marine  
  50  4:45  Starport Tech Lab  
  50  4:47  Barracks, Stimpack  
  50  4:48  Marine  
  50  4:50  Marine, Engineering Bay  
  52  4:53  Marine  
  52  4:54  SCV  
  52  4:56  SCV  
  52  4:59  Refinery  
  55  5:03  Supply Depot  
  55  5:06  SCV  
  56  5:08  Siege Tank  
  56  5:10  Marine x2  
  61  5:15  SCV  
  61  5:18  SCV  
  63  5:22  Terran Infantry Weapons Level 1  
  63  5:23  Supply Depot, Marine  
  63  5:28  Marine x2  
  63  5:31  SCV x2  
  65  5:41  Marine  
  64  5:43  SCV x2  
  64  5:46  Marine  
  64  5:48  Supply Depot  
  64  5:49  Starport Reactor  
  66  5:53  Combat Shield, Command Center  
  66  5:55  SCV  
  69  5:57  Marauder  
  69  6:02  Refinery, Marauder  
  71  6:04  SCV  
  71  6:07  SCV  
  73  6:14  Barracks  
  73  6:17  Factory Reactor  
  73  6:18  Supply Depot, Barracks  
  73  6:19  SCV  
  73  6:22  Marauder  
  76  6:26  Marine x2  
  76  6:30  SCV  
  76  6:31  SCV  
  76  6:32  Concussive Shells  
  80  6:36  Missile Turret  
  80  6:38  Supply Depot  
  80  6:42  SCV  
  80  6:43  SCV  
  80  6:44  Medivac  
  80  6:46  Medivac  
  86  6:48  Marauder  
  86  6:49  Supply Depot  
  86  6:52  Marauder  
  90  6:55  Missile Turret  
  90  6:56  SCV  
  90  6:58  SCV  
  92  7:02  Barracks Tech Lab  
  92  7:04  Widow Mine x2, Barracks Reactor  
  92  7:07  Supply Depot  
  96  7:10  SCV  
  96  7:11  SCV  
  96  7:12  Marauder  
  96  7:14  Marauder  
  102  7:17  Marauder  
  102  7:22  Terran Infantry Armor Level 1  
  104  7:23  SCV x2  
  104  7:25  Orbital Command  
  106  7:33  Marauder  
  106  7:35  SCV x2  
  106  7:36  Marauder  
  112  7:41  Medivac x2  
  116  7:47  Supply Depot, SCV x2  
  116  7:49  Marine, Marauder  
  116  7:51  Marine  
  121  7:58  Supply Depot  
  122  7:59  Supply Depot  
  122  8:00  Marauder  
  122  8:01  Marine  
  122  8:03  Marauder  
  127  8:07  Marine  
  127  8:10  Marauder  
  130  8:14  Marine x2  
  130  8:16  Medivac  
  130  8:18  Medivac  
  136  8:21  Marauder  
  136  8:25  Marauder  
  140  8:31  Marauder  
  142  8:38  Marine x2  
  142  8:40  Widow Mine x2  
  148  8:41  SCV x3  
  148  8:42  Marauder  
  148  8:46  Marauder, Viking  
  148  8:48  Viking  
  159  8:53  Marauder  
  163  8:59  Refinery  
  163  9:00  Ghost Academy  
  163  9:04  Marauder, Armory  
  163  9:06  Supply Depot  
  163  9:07  Supply Depot  
  163  9:08  Supply Depot, Marauder  
  164  9:15  Command Center  
  164  9:23  Marauder  
  164  9:25  Marauder  
  163  9:33  Marine  
  162  9:39  Viking  
  162  9:44  Viking  
  162  9:45  SCV x2  
  165  9:49  Marine x2  
  165  9:50  Ghost x3  
  169  9:53  Marine x2  
  171  10:07  Marine x2  
  171  10:08  Sensor Tower  
  165  10:14  Marine  
  165  10:15  Marine  
  165  10:20  Marauder x3  
  172  10:23  Viking x2  
  172  10:26  Marine x2  
  177  10:31  SCV x3  
  177  10:33  Terran Infantry Weapons Level 2  
  180  10:35  Engineering Bay  
  180  10:40  Starport, Personal Cloaking  
  180  10:41  Marauder x2  
  184  10:48  Marauder  
  186  10:50  Marine x2  
  188  10:58  Viking  
  188  11:02  Marauder x2  
  185  11:09  Marine, Marauder  
  185  11:10  Marine  
  174  11:11  Marine  
  174  11:15  Marine  
  174  11:16  Viking  
  174  11:17  Starport Reactor  
  170  11:24  Marauder x2  
  174  11:27  Marine x2  
  174  11:28  Viking  
  174  11:31  Marauder  
  180  11:36  Marine x2  
  182  11:45  Marine x3, Marauder  
  182  11:46  Viking  
  187  11:52  Marauder  
  187  11:53  Marine  
  177  12:03  Marauder  
  177  12:04  Planetary Fortress  
  177  12:06  Marine x3, Marauder  
  180  12:11  Marine  
  180  12:13  Marauder  
  180  12:15  Terran Infantry Armor Level 2  
  183  12:18  Liberator  
  183  12:19  Liberator  
  183  12:20  Liberator x2  
  193  12:24  Marauder  
  193  12:26  SCV x3  
  198  12:32  Command Center  
  198  12:50  Marauder  
  200  12:52  Terran Infantry Weapons Level 3  
  200  12:53  Terran Ship Weapons Level 1  
  198  13:05  Marauder x2  
  160  13:06  Marine x2  
  160  13:12  Marauder  
  111  13:26  Marauder x2  
  96  13:27  Marine  
  96  13:30  Marine x2  
  96  13:31  Marine  
  96  13:32  Liberator x3  
  96  13:33  Marauder  
  104  13:38  Widow Mine x2  
  102  13:45  Marine  
  102  13:47  SCV x3, Marauder x2  
  108  13:48  Marine  
  108  13:49  Fusion Core  
  108  13:50  SCV  
  108  13:54  Marauder  
  112  13:55  Marine  
  112  13:56  Marine  
  112  13:59  SCV x3  
  117  14:03  Marine  
  117  14:06  Marine  
  117  14:09  Marauder x2  
  123  14:13  Marine  
  123  14:16  Marauder  
  125  14:17  Medivac x3  
  125  14:22  Medivac  
  132  14:26  Marine x2  
  132  14:30  Marauder x2  
  134  14:37  Marauder  
  136  14:40  Marine  
  137  14:46  Planetary Fortress  
  137  14:50  Marine x2  
  137  14:51  Marauder  
  137  14:52  Marine, Marauder  
  144  14:57  Marine  
  144  14:58  Marauder  
  137  15:08  Marine x2  
  137  15:09  SCV x3  
  137  15:10  Marine  
  137  15:11  Terran Ship Weapons Level 2  
  137  15:13  Marauder x2  
  147  15:15  Marine  
  147  15:20  Marauder  
  149  15:24  Command Center  
  149  15:25  Marine  
  149  15:26  Marine  
  149  15:27  Marine  
  151  15:33  Marine  
  151  15:34  Marauder x2  
  156  15:41  Marauder  
  149  15:43  Marine  
  149  15:45  Marine x2  
  145  15:56  Marauder x2  
  146  16:00  Liberator x2  
  146  16:03  Marauder  
  141  16:07  Marine x2  
  143  16:17  Marauder x2  
  145  16:19  Marine  
  145  16:20  Marine  
  145  16:22  Widow Mine x2  
  145  16:24  Marauder  
  145  16:25  Marine x2  
  155  16:37  Marine x2  
  155  16:38  Marauder x2  
  157  16:43  Marine x2  
  157  16:45  Marauder  
  161  16:48  Medivac x2  
  154  16:55  Marine x2  
  154  17:00  Marauder x2  
  154  17:01  Medivac  
  147  17:07  Marauder  
  141  17:11  Marine x2  
  141  17:13  Marine x2  
  137  17:21  Marauder x2  
  135  17:28  Marine x2, Marauder  
  135  17:31  Marine x2  
  135  17:34  Liberator  
  136  17:43  Marauder x2  
  139  17:46  Marine x2  
  139  17:49  Marine x2  
  139  17:50  Marauder  
  128  18:02  Liberator  
  128  18:04  Marine x2, Marauder x2  
  134  18:06  Marine  
  134  18:07  Marine  
  134  18:11  Marauder  
  138  18:22  Marine x2  
  138  18:24  Marine x2  
  138  18:25  Marauder x2  
  146  18:28  SCV x3  
  146  18:30  Missile Turret  
  146  18:31  Refinery  
  146  18:32  Command Center, Marauder  
  151  18:40  Marine x2  
  151  18:42  Marine x2, Medivac x2  
  151  18:47  Marauder x2  
  161  18:54  Marauder  
  162  18:57  Marine  
  162  18:58  Marine  
  162  19:00  Marine  
  153  19:08  Marauder x2  
  144  19:11  Marine  
  144  19:15  Marine x2, Marauder  
  128  19:18  Marine, Medivac  
  128  19:22  Refinery  
  128  19:24  Refinery  
  128  19:29  Marine, Marauder  
  128  19:30  Marauder  
  133  19:33  Marine x2  
  133  19:35  Marine  
  133  19:36  Marauder  
  138  19:47  Marine  
  138  19:51  Marine x2, Marauder x2  
  145  19:53  Marine  
  145  19:58  Marauder  
  148  20:02  Liberator x3  
  148  20:03  Command Center  
  148  20:04  Marine  
  156  20:12  Marauder x2  
  151  20:18  Marine  
  151  20:19  Marauder  
  154  20:24  Marine  
  154  20:25  Marine  
  154  20:27  Marine  
  151  20:34  Marauder x2  
  154  20:40  Marine  
  154  20:41  Marauder  
  154  20:42  Marine  
  156  20:45  Marine  
  140  20:50  Marine  
  140  20:55  Marauder x2  
  114  20:58  Marine  
  114  21:02  Marauder  
  113  21:06  Medivac x4  
  115  21:12  Marine x2  
  115  21:15  Marine  
  115  21:16  Marauder x2  
  115  21:19  Orbital Command  
  115  21:20  Marine  
  115  21:23  Marauder  
  118  21:30  Marine x2  
  117  21:39  Marine, Marauder  
  110  21:48  Marauder  
  100  21:56  Marine, Marauder  
  93  22:05  Marine  
  93  22:08  Marine  
  95  22:09  Marine  
  96  22:17  Marauder  
  90  22:25  Marauder  
  90  22:26  Marine x2, Marauder  
  91  22:35  Marine x2  
  92  22:39  Marauder  
  92  22:43  Marine  
Tags
 
Add a new tag
Caveats
  • Supply blocks, unpowered buildings, or Contaminate may cause inaccurate times.
  • Supply counts are checked every 10 seconds.